 Dungeon Crawl Stone Soup version 0.27.1-1-g398f81649c (webtiles) character file.

Game seed: 13660995790476225368

3456 szrap the Thaumaturge (level 10, 0/72 HPs)
             Began as a Djinni Ice Elementalist on Sept 20, 2021.
             Was an Initiate of Makhleb.
             Slain by a tarantella (shapeshifter) (9 damage)
             ... on level 8 of the Dungeon.
             The game lasted 00:26:21 (10699 turns).

szrap the Thaumaturge (Djinni Ice Elementalist)    Turns: 10699, Time: 00:26:22

Health: 0/72       AC:  7    Str:  7    XL:     10   Next: 26%
Gold:   326        EV: 15    Int: 19    God:    Makhleb [......] SH:  0 Dex: 15

rFire    + + +     SeeInvis .   p - +2 short sword (protect)
rCold    . . .     Faith    .   (no shield)
rNeg     . . .     Spirit   .   C - +2 robe
rPois    ∞         Reflect  .   h - +1 helmet
rElec    .         Harm     .   (no cloak)
rCorr    +         Rampage  .   D - +0 pair of gloves "Hoagit" {rC+}
Will     +....                  (boots unavailable)
Stlth    +.........             (no amulet)
HPRegen  0.22/turn              y - ring of resist corrosion
MPRegen  0.00/turn              k - ring of protection from fire

@: confused, flying
A: sickness immunity, fire resistance 2, cold vulnerability 1, float, innate
caster, hp casting, extra vitality 1
a: Renounce Religion


You were on level 8 of the Dungeon.
You worshipped Makhleb.
Makhleb was noncommittal.
You visited 1 branch of the dungeon, and saw 8 of its levels.
You also visited: Sewer.

You collected 326 gold pieces.

Inventory:

Hand Weapons
 e - a +2 dagger of venom
 p - a +2 short sword of protection (weapon)
Missiles
 B - a throwing net
Armour
 a - a +0 robe
 h - a +1 helmet (worn)
 i - a +1 leather armour
 C - a +2 robe (worn)
 D - the +0 pair of gloves "Hoagit" (worn) {rC+}
   (You found it on level 8 of the Dungeon)

   rC:        It protects you from cold.
Jewellery
 c - a ring of wizardry
 k - a ring of protection from fire (right hand)
 y - a ring of resist corrosion (left hand)
Wands
 v - a wand of acid (8)
 w - a wand of digging (5)
 x - a wand of flame (32)
Scrolls
 l - a scroll of blinking
Potions
 b - 5 potions of curing
 d - 2 potions of attraction
 f - a potion of resistance {unknown}
 g - 2 potions of berserk rage
 j - 6 potions of heal wounds
 m - a potion of flight {unknown}
 n - 5 potions of brilliance
 o - 2 potions of degeneration {unknown}
 q - 3 potions of mutation {unknown}
 r - a potion of magic {unknown}
 s - 3 potions of might {unknown}
 t - a potion of invisibility {unknown}
 u - 4 potions of haste {unknown}
 z - a potion of lignification {unknown}
 A - a potion of cancellation {unknown}


   Skills:
 * Level 5.9 Fighting
 * Level 6.4 Dodging
 - Level 1.5 Stealth
 + Level 9.4 Spellcasting


You had 7 spell levels left.
You knew the following spells:

 Your Spells              Type           Power      Damage    Failure   Level
a - Freeze                Ice            100%       1d11      1%          1
b - Frozen Ramparts       Ice            88%        1d10      1%          3
c - Ozocubu's Armour      Ice            44%        N/A       1%          3
d - Hailstorm             Conj/Ice       44%        3d10      1%          4
e - Magic Dart            Conj           100%       1d8       1%          1
f - Passwall              Tmut/Erth      36%        N/A       1%          2
g - Portal Projectile     Hex/Tloc       88%        N/A       1%          3
h - Call Canine Familiar  Summ           44%        N/A       1%          3
Your spell library was empty.

Dungeon Overview and Level Annotations

Branches:
Dungeon (8/15)             Temple (0/1) D:7           Sewer (visited)
   Lair: D:8-11

Altars:
Hepliaklqana
Makhleb
Vehumet
Wu Jian
The Shining One


Innate Abilities, Weirdness & Mutations

You are immune to sickness and miasma.
You are immune to poison.
Your flesh is very heat resistant. (rF++)
You are vulnerable to cold. (rC-)
You float through the air rather than walking.
You learn spells naturally, not from books.
Your magical power is your life essence.
You have superior vitality. (+4 HP)


Message History

You fly upwards.
Reactivating autopickup.
The white imp shouts, "Decamp, thou jarring beetle-headed dandiprat!"
There is a stone staircase leading down here.
You start resting.
There are monsters nearby!
Something hits you.
Deactivating autopickup; reactivate with Ctrl-A.
Something hits you but does no damage. Something barely misses you.
You fly downwards.
Reactivating autopickup.
Your wolf disappears in a puff of smoke!
There is a stone staircase leading up here.
Something hits you but does no damage.
Deactivating autopickup; reactivate with Ctrl-A.
A tarantella appears out of thin air!
Reactivating autopickup.
The skeletal warrior misses you.
The tarantella bites you but does no damage.
Found a hunting sling.
The skeletal warrior hits you from afar with a +0 halberd!
The tarantella bites you but does no damage.
There is an open door here.
The tarantella bites you.
The skeletal warrior hits you from afar with a +0 halberd!
The tarantella bites you.
You are confused.
You feel less confused. The tarantella closely misses you.
The skeletal warrior hits you from afar with a +0 halberd!
The tarantella closely misses you. The tarantella bites you.
* * * LOW HITPOINT WARNING * * *
You are confused.
The tarantella bites you!
* * * LOW HITPOINT WARNING * * *
You are more confused.
The skeletal warrior misses you. The tarantella bites you!
You die...

#..........#>......#
#....[.....#.......#
+..........#.......+
#..........#.......#
###..##.##.#.......############+#
###..##+##.###....<..............
.#...........#...................
.#...........+...................
.#...........#.s@................
###.....##'###z..................
###.....#.:.....#####.....[######
........#.......# #.....)))[...
........#.......# #......#[<)..
........#.......# #......#..<.#
........#.......# #......#....#
.......<#.......# #......####+#
........#....)..# #........


You could see a skeletal warrior and a tarantella.

Vanquished Creatures
  Harold (D:6)
  Pikel (D:8)
  3 water moccasins (D:6)
  2 orc warriors (D:8)
  A black bear (D:6)
  2 centaurs
  A necrophage (D:6)
  2 ogres
  3 lemures
  A phantom (D:3)
  2 kobold brigands
  A wyvern zombie (D:7)
  A scorpion (D:7)
  A water moccasin skeleton (D:6)
  4 killer bees (D:8)
  A howler monkey (D:6)
  A bullfrog zombie (D:5)
  2 jellies
  3 bullfrog skeletons
  A gnoll shaman (D:6)
  A centaur skeleton (D:7)
  2 iguanas
  Jessica (D:2)
  3 orc wizards
  Robin (D:2)
  6 gnolls
  6 adders
  6 river rats (Sewer)
  2 ufetubi
  A worm (D:5)
  A dart slug (D:2)
  13 orcs
  A bat (D:1)
  6 endoplasms
  2 giant cockroaches
  12 goblins
  11 hobgoblins
  3 jackals (D:1)
  21 kobolds
  3 quokkas
  10 ball pythons
  2 frilled lizards
  21 rats
169 creatures vanquished.

Vanquished Creatures (collateral kills)
  An ice beast (D:8)
1 creature vanquished.

Vanquished Creatures (others)
  2 fungi (D:1)
  9 plants
11 creatures vanquished.

Grand Total: 181 creatures vanquished

Notes
Turn   | Place    | Note
-------+----------+-------------------------------------------
     0 | D:1      | szrap the Djinni Ice Elementalist began the quest for the
                  | Orb.
     0 | D:1      | Reached XP level 1. HP: 15/15 MP: 0/0
   395 | D:1      | Reached XP level 2. HP: 21/22 MP: 0/0
   497 | D:1      | Reached skill level 1 in Fighting
   618 | D:1      | Found a faded altar of an unknown god.
   819 | D:1      | Reached XP level 3. HP: 16/27 MP: 0/0
   819 | D:1      | Learned a level 1 spell: Magic Dart
  1593 | D:2      | Noticed Robin
  2145 | D:2      | Killed Robin
  2146 | D:2      | Reached skill level 4 in Spellcasting
  2146 | D:2      | Reached XP level 4. HP: 29/32 MP: 0/0
  2573 | D:2      | Noticed Jessica
  2581 | D:2      | Killed Jessica
  2582 | D:2      | Reached XP level 5. HP: 30/38 MP: 0/0
  2582 | D:2      | Learned a level 2 spell: Passwall
  4146 | D:4      | Reached XP level 6. HP: 42/44 MP: 0/0
  4172 | D:4      | Reached skill level 5 in Spellcasting
  4983 | D:4      | Found an ornate altar of the Wu Jian Council.
  5524 | D:5      | Entered Level 5 of the Dungeon
  5530 | D:5      | Reached XP level 7. HP: 32/49 MP: 0/0
  5530 | D:5      | Learned a level 3 spell: Portal Projectile
  5633 | D:5      | Found a glowing drain.
  5646 | Sewer    | Entered a sewer
  6648 | D:5      | Reached skill level 6 in Spellcasting
  6925 | D:5      | Reached XP level 8. HP: 48/56 MP: 0/0
  7645 | D:6      | Reached skill level 7 in Spellcasting
  7827 | D:6      | Reached XP level 9. HP: 49/63 MP: 0/0
  7827 | D:6      | Learned a level 3 spell: Call Canine Familiar
  7921 | D:6      | Found a burning altar of Makhleb.
  7928 | D:6      | Became a worshipper of Makhleb the Destroyer
  8394 | D:6      | Reached skill level 5 in Dodging
  8547 | D:7      | Noticed Harold
  8580 | D:7      | Found a staircase to the Ecumenical Temple.
  8994 | D:7      | Found a hazy altar of Hepliaklqana.
  9043 | D:6      | Killed Harold
  9044 | D:6      | Reached skill level 5 in Fighting
  9044 | D:6      | Reached skill level 8 in Spellcasting
  9375 | D:7      | Found a glowing golden altar of the Shining One.
  9976 | D:8      | Noticed Pikel
 10190 | D:8      | Reached XP level 10. HP: 57/70 MP: 0/0
 10191 | D:8      | Killed Pikel
 10192 | D:8      | Reached skill level 9 in Spellcasting
 10424 | D:8      | Identified the +0 pair of gloves "Hoagit" {rC+}
 10656 | D:8      | Noticed a skeletal warrior
 10699 | D:8      | Slain by a tarantella (shapeshifter)

Illustrated notes

Levels and vault maps discovered:
D:1:      dpeg_arrival_shrine, layout_loops_ring, shapermc_ecumenical_altar_gd
D:2:      layout_basic, uniq_robin, uniq_jessica
D:3:      layout_basic, chequers_serial_rivers_room_a
D:4:      layout_cave_pools, mainiacjoe_overflow_catwalk,
          roderic_serpentine_path
D:5:      layout_basic, vehumet_altar_wand_db, cheibrodos_sewer_entry_drain
D:6:      layout_loops_ring, mainiacjoe_overflow_24_doors, nrook_loot_triangle,
          kennysheep_small_circle
D:7:      layout_cave_pools, amethyst_overflow_temple_binary,
          nicolae_hepliaklqana_hazy_memory, marbit_many_paths, temple_statues,
          uniq_harold, uniq_duvessa
D:8:      layout_gridville, minmay_misc_feat_four_crosses,
          minmay_chambers_of_fives, uniq_pikel

Skill      XL: |  1  2  3  4  5  6  7  8  9 10 |
---------------+-------------------------------+-----
Fighting       | 1 2 3 4 5 |  5.9
Spellcasting   | 4 5 6 7 8 9 |  9.4
Dodging        | 3 4 5 6 |  6.4
Stealth        | |  1.5

Action                   |  1- 3 |  4- 6 |  7- 9 | 10-12 || total
-------------------------+-------+-------+-------+-------++-------
Melee: Unarmed           |     1 |       |       |       ||     1
       Dagger            |     6 |    35 |     9 |       ||    50
       Short sword       |       |       |    84 |     2 ||    86
 Cast: Freeze            |    38 |    29 |    35 |     2 ||   104
       Frozen Ramparts   |     6 |    11 |    40 |     3 ||    60
       Magic Dart        |       |    45 |    77 |       ||   122
       Call Canine Famil |       |       |     5 |     1 ||     6
  Use: Scroll            |     2 |     4 |     7 |       ||    13
Armor: Robe              |     2 |       |       |     6 ||     8
       Leather armour    |     4 |    22 |    72 |       ||    98
Dodge: Dodged            |    14 |    46 |   116 |    14 ||   190
